 Dungeon Crawl Stone Soup version 0.30-a0-1008-g30c9307041 (webtiles) character file.

Game seed: 341937168840684921

2411529 grumposus the Metallomancer (level 27, 165/165 HPs)
             Began as a Gargoyle Earth Elementalist on Apr 4, 2023.
             Was the Champion of Vehumet.
             Escaped with the Orb
             ... and 4 runes on Apr 5, 2023!
             The game lasted 04:17:01 (66834 turns).

grumposus the Metallomancer (GrEE)                 Turns: 66834, Time: 04:17:01

Health: 165/165    AC: 65    Str: 30    XL:     27
Magic:  47/50      EV: 11    Int: 30    God:    Vehumet [******]
Gold:   3315       SH: 19    Dex: 16    Spells: 1/54 levels left

rFire   + + .      SeeInvis .    F - staff of conjuration "Turin" {rCorr Dex+4}
rCold   + + +      Faith    .    A - +5 kite shield {reflect}
rNeg    + . .      Spirit   .    N - +9 scales of the Dragon King {rPois rF+ rC+ Will+}
rPois   ∞          Reflect  +    B - +1 helmet of Intercession {*Corrode Regen+ Str+6}
rElec   +          Rampage  +    D - +2 cloak
rCorr   +                        C - +0 pair of gloves "Nuarhaasm" {rPois Str+2}
Will    +++..                    R - +1 pair of boots of Greed {Rampage rC+ Regen+ MP+9} Stlth
                                 Q - amulet of magic regeneration
HPRegen 2.07/turn                a - ring of Ycsucw Kade {Fly rF+ Str+6 Int+3 Stlth+}
MPRegen 0.72/turn                b - ring "Noiko" {Wiz rC+ Str+3}

@: flying, studying 3 skills
A: sickness immunity, AC +20, big wings, negative energy resistance 1,
electricity resistance, torment resistance 1, petrification resistance, sense
surroundings 1
0: Orb of Zot
}: 4/15 runes: decaying, slimy, silver, gossamer
a: Renounce Religion


You escaped.
You worshipped Vehumet.
Vehumet was exalted by your worship.
You visited 11 branches of the dungeon, and saw 53 of its levels.
You visited 1 bazaar.
You also visited: Trove, Ossuary, Bailey, Gauntlet, Ice Cave and Volcano.

You collected 9887 gold pieces.
You spent 6572 gold pieces at shops.

Inventory:

Hand Weapons
 n - a +9 short sword of electrocution
Missiles
 o - 18 curare-tipped darts
Armour
 A - a +5 kite shield of reflection (worn)
 B - the +1 helmet of Intercession (worn) {*Corrode Regen+ Str+6}
   (You found it in an ice cave)

   Str:       It affects your strength (+6).
   Regen:     It increases your rate of health regeneration.
   *Corrode:  It may corrode you when you take damage.
 C - the +0 pair of gloves "Nuarhaasm" (worn) {rPois Str+2}
   (You found it on level 1 of the Elven Halls)

   Str:       It affects your strength (+2).
   rPois:     It protects you from poison.
 D - a +2 cloak (worn)
 N - the +9 scales of the Dragon King (worn) {rPois rF+ rC+ Will+}
   (You bought it in a shop on level 1 of the Vaults)

   rF:        It protects you from fire.
   rC:        It protects you from cold.
   rPois:     It protects you from poison.
   Will:      It increases your willpower.
 R - the +1 pair of boots of Greed (worn) {Rampage rC+ Regen+ MP+9}
   (You found it in a bailey)

   rC:        It protects you from cold.
   MP:        It affects your magic capacity (+9).
   Regen:     It increases your rate of health regeneration.
   Rampage:   It bestows one free step when moving towards enemies.
Magical Staves
 e - the staff of fire "Cuerysm" {rF+ Int+3}
   (You acquired it on level 4 of the Swamp)

   [staff of fire]

   Base accuracy: +5 Base damage: 5 Base attack delay: 1.2 This weapon's minimum
   attack delay (0.6) is reached at skill level 12.
   Int:       It affects your intelligence (+3).
   rF:        It protects you from fire.
   It falls into the 'Staves' category.
   It is a one-handed weapon.
 F - the staff of conjuration "Turin" (weapon) {rCorr Dex+4}
   (You found it on level 5 of the Pits of Slime)

   [staff of conjuration]

   Base accuracy: +5 Base damage: 5 Base attack delay: 1.2 This weapon's minimum
   attack delay (0.6) is reached at skill level 12.
   Dex:       It affects your dexterity (+4).
   rCorr:     It protects you from acid and corrosion.
   It falls into the 'Staves' category.
   It is a one-handed weapon.
Jewellery
 a - the ring of Ycsucw Kade (left hand) {Fly rF+ Str+6 Int+3 Stlth+}
   (You bought it in a shop in a bazaar)

   [ring of strength]

   Str:       It affects your strength (+6).
   Int:       It affects your intelligence (+3).
   rF:        It protects you from fire.
   Fly:       It grants you flight.
   Stlth:     It makes you more stealthy.
 b - the ring "Noiko" (right hand) {Wiz rC+ Str+3}
   (You took it off a minotaur in a Gauntlet)

   [ring of wizardry]

   It improves your spell success rate.
   Str:       It affects your strength (+3).
   rC:        It protects you from cold.
 g - a ring of see invisible
 H - a ring of willpower
 Q - an amulet of magic regeneration (around neck)
Wands
 w - a wand of charming (58)
 x - a wand of polymorph (43)
 G - a wand of acid (10)
 P - a wand of flame (79)
 S - a wand of mindburst (38)
 T - a wand of iceblast (65)
Scrolls
 f - 15 scrolls of teleportation
 h - 3 scrolls of brand weapon
 i - a scroll of enchant armour
 k - 7 scrolls of amnesia
 m - 12 scrolls of fog
 p - 7 scrolls of magic mapping
 q - 10 scrolls of poison
 r - 2 scrolls of butterflies
 v - 9 scrolls of blinking
 W - 5 scrolls of fear
 X - 8 scrolls of immolation
Potions
 j - 7 potions of might
 l - 10 potions of brilliance
 s - 11 potions of attraction
 u - 5 potions of resistance
 z - 29 potions of curing
 E - 3 potions of berserk rage
 I - 9 potions of haste
 K - 4 potions of invisibility
 M - 15 potions of lignification
 O - 7 potions of ambrosia
 U - 16 potions of heal wounds
 V - 4 potions of magic
 Y - 8 potions of mutation
 Z - 8 potions of cancellation
Miscellaneous
 c - a phantom mirror
 d - a box of beasts
 t - a condenser vane
 y - a lightning rod (4/4)
 J - a tin of tremorstones (2/2)
 L - a phial of floods


   Skills:
 - Level 15.0 Fighting
 - Level 8.4 Short Blades
 - Level 1.0(5.3) Long Blades
 + Level 22.2 Armour
 - Level 9.9 Dodging
 - Level 6.0 Stealth
 - Level 17.0 Shields
 - Level 14.0 Spellcasting
 - Level 18.0 Conjurations
 + Level 10.5 Summonings
 + Level 7.5 Necromancy
 - Level 10.0 Translocations
 - Level 0.7 Transmutations
 + Level 21.2 Fire Magic
 + Level 25.6 Earth Magic
 - Level 8.2 Evocations


You had one spell level left.
You knew the following spells:

 Your Spells              Type           Power      Damage    Failure   Level
a - Spellforged Servitor  Conj/Summ      51%        N/A       9%          7
b - Stone Arrow           Conj/Erth      100%       3d13      0%          3
c - Iron Shot             Conj/Erth      61%        9d11      1%          6
d - Lee's Rapid Deconstr  Erth           54%        3d25*     0%          5
e - Iskenderun's Mystic   Conj/Tloc      100%       2d19      1%          4
f - Passwall              Tmut/Erth      65%        N/A       1%          2
g - Fireball              Conj/Fire      59%        3d23      1%          5
h - Lehudib's Crystal Sp  Conj/Erth      61%        10d14     3%          8
i - Ignition              Fire           49%        3d14      4%          8
j - Borgnjor's Vile Clut  Necr/Erth      44%        N/A       1%          5

Your spell library contained the following spells:

 Spells                   Type           Power      Damage    Failure   Level
 Chain Lightning          Conj/Air       42%        3d56      100%        9
 Foxfire                  Conj/Fire      100%       2x1d9     0%          1
 Sandblast                Erth           100%       2d20      0%          1
 Apportation              Tloc           100%       N/A       1%          1
 Necrotise                Necr           100%       1d9       1%          1
 Summon Small Mammal      Summ           100%       N/A       1%          1
 Beastly Appendage        Tmut           50%        N/A       9%          1
 Blink                    Tloc           100%       N/A       1%          2
 Lesser Beckoning         Tloc           100%       N/A       1%          2
 Momentum Strike          Conj/Tloc      100%       3d10      1%          2
 Call Canine Familiar     Summ           71%        N/A       1%          3
 Dazzling Flash           Conj/Hex       100%       N/A       1%          3
 Gell's Gravitas          Tloc           69%        N/A       1%          3
 Inner Flame              Hex/Fire       71%        N/A       1%          3
 Mephitic Cloud           Conj/Pois/Air  71%        N/A       1%          3
 Teleport Other           Tloc           69%        N/A       1%          3
 Flame Wave               Conj/Fire      100%       2d21      1%          4
 Manifold Assault         Tloc           69%        N/A       1%          4
 Passage of Golubria      Tloc           69%        N/A       1%          4
 Petrify                  Tmut/Erth      79%        N/A       1%          4
 Sticky Flame             Conj/Fire      100%       2d11      1%          4
 Iskenderun's Battlesphe  Conj           100%       2d15      1%          5
 Starburst                Conj/Fire      59%        6d16      1%          6
 Orb of Destruction       Conj           57%        9d14      1%          7
 Irradiate                Conj/Tmut      43%        3d26      2%          5
 Portal Projectile        Hex/Tloc       100%       N/A       4%          3
 Summon Guardian Golem    Hex/Summ       51%        N/A       4%          3
 Poisonous Vapours        Pois/Air       42%        N/A       5%          2
 Plasma Beam              Fire/Air       35%        2x1d53    7%          6
 Freezing Cloud           Conj/Ice/Air   35%        6-21      8%          5
 Frozen Ramparts          Ice            42%        1d7       10%         3
 Conjure Ball Lightning   Conj/Air       42%        3x3d15    13%         6
 Wereblood                Tmut           25%        N/A       14%         2
 Summon Ice Beast         Ice/Summ       51%        N/A       14%         4
 Summon Lightning Spire   Summ/Air       51%        N/A       14%         4
 Ensorcelled Hibernation  Hex/Ice        42%        N/A       17%         2
 Anguish                  Hex/Necr       21%        N/A       26%         4
 Olgreb's Toxic Radiance  Pois           21%        N/A       28%         4
 Spider Form              Tmut/Pois      23%        N/A       30%         3
 Ozocubu's Armour         Ice            21%        N/A       32%         3
 Tukima's Dance           Hex            21%        N/A       32%         3
 Summon Mana Viper        Hex/Summ       51%        N/A       34%         5
 Yara's Violent Unravell  Hex/Tmut       11%        3d6       52%         5
 Ice Form                 Ice/Tmut       23%        N/A       67%         4
 Monstrous Menagerie      Summ           35%        N/A       75%         7
 Alistair's Intoxication  Tmut/Pois      15%        N/A       94%         5
 Eringya's Noxious Bog    Tmut/Pois      11%        N/A       95%         6
 Metabolic Englaciation   Hex/Ice        10%        N/A       96%         5
 Simulacrum               Ice/Necr       21%        N/A       98%         6
 Storm Form               Tmut/Air       11%        N/A       100%        7
 Borgnjor's Revivificati  Necr           30%        N/A       100%        8
 Discord                  Hex            10%        N/A       100%        8
 Disjunction              Tloc           34%        N/A       100%        8
 Maxwell's Capacitive Co  Air            10%        ∞         100%        8
 Necromutation            Tmut/Necr      22%        N/A       100%        8
 Death's Door             Necr           30%        N/A       100%        9
 Dragon's Call            Summ           35%        N/A       100%        9
 Polar Vortex             Ice            10%        N/A       100%        9
 Sublimation of Blood     Necr           Unusable   N/A       N/A         2
 Statue Form              Tmut/Erth      Unusable   N/A       N/A         6

Dungeon Overview and Level Annotations

Branches:
Dungeon (15/15)            Temple (1/1) D:4            Lair (5/5) D:8
  Swamp (4/4) Lair:2       Spider (4/4) Lair:2        Slime (5/5) Lair:5
    Orc (2/2) D:9             Elf (3/3) Orc:2        Vaults (5/5) D:14
  Crypt (0/3) Vaults:2     Depths (4/4) D:15            Zot (5/5) Depths:4
Ossuary (visited)          Bailey (visited)           IceCv (visited)
Volcano (visited)         Gauntlet (visited)

Altars:
Ashenzari
Cheibriados
Dithmenos
Elyvilon
Fedhas
Gozag
Hepliaklqana
Kikubaaqudgha
Nemelex Xobeh
Okawaru
Ru
Sif Muna
Uskayaw
Vehumet
Wu Jian
Xom
The Shining One
Jiyva
Lugonu

Shops:
D:4 :   D:6 :   Orc:1 (   Orc:2 (:*(=[*[:   Elf:2 *   Elf:3 [[?(   Vaults:1 [

Portals:
Hell: Depths:1 Depths:2 Depths:3 Depths:4
Abyss: Lair:5 Depths:3 Depths:4
Pandemonium: Depths:1 Depths:2
Ziggurat: Depths:3

Annotations:
D:9 exclusion: downstairs
D:13 2 transporters
Lair:2 exclusion: death yak
Depths:2 exclusion: downstairs
Abyss:1 Louise


Innate Abilities, Weirdness & Mutations

You are immune to sickness and miasma.
Your stone body is resilient. (AC +20)
You are immune to poison.
Your large and strong wings let you fly.
You resist negative energy. (rN+)
You are resistant to electric shocks. (rElec)
You are resistant to unholy torment.
You are immune to petrification.
You passively map a small area around you.


Message History

What level of the Dungeon? (default 1, ? - help)
There is an open door here.
The sentinel's mark upon you fades away.
There is an open door here.
An Orb Guardian comes into view.
You can't see any susceptible monsters within range! (Use Z to cast anyway.)
You feel a surge of power!
The iron shot hits the Orb Guardian!!!
The Orb Guardian is severely wounded.
You feel a surge of power!
The iron shot hits the Orb Guardian!!!
You kill the Orb Guardian!
Vehumet accepts your kill.
You feel your power returning.
(D) Dungeon (T) Temple (L) Lair (S) Swamp (N) Spider Nest (M) Slime Pits (O) Orcish Mines (E) Elven Halls (V) Vaults (C) Crypt (U) Depths (H) Hell (Z) Zot
Where to? (Enter - D:1 @ (x,y), ? - help)
What level of the Dungeon? (default 1, ? - help)
There is an open door here.
You see here 2 stones.
An ice devil comes into view.
You hear a chilling moan.
You feel a surge of power!
The iron shot hits the ice devil!!!!
You kill the ice devil!
Vehumet accepts your kill.
You feel your power returning.
Deactivating autopickup; reactivate with Ctrl-A.
You hit something!
You blast something.
Something hits you but does no damage. Something hits you but does no damage.
Something hits you but does no damage. Something hits you but does no damage.
Casting: Iron Shot (mildly dangerous; 1% risk of failure)
Confirm with . or Enter, or press ? or * to list all spells.
You can't see any susceptible monsters within range! (Use Z to cast anyway.)
Casting: Iron Shot (mildly dangerous; 1% risk of failure)
Confirm with . or Enter, or press ? or * to list all spells.
You feel a surge of power!
You erupt in a blast of force!
The mystic blast hits something!
There is a staircase leading out of the dungeon here.
You have escaped!

# ###
##........#
#
##........##
#
##.........#
#
#..........#
#
##........##
# ##.......#
# ####...##
# ##..# ##@#
###


There were no monsters in sight!

Vanquished Creatures
  the Royal Jelly (Slime:5)
  Dissolution (Slime:4)
  4 dread liches
  2 ancient liches
  An orb of fire (Zot:5)
  Mara (Vaults:3)
  The ghost of Jeanorph the Minotaur Barricade, a legendary MiBe of Trog (Zot:5)
  Sojobo (Depths:1)
  Parghit (Zot:1)
  6 Killer Klowns
  6 caustic shrikes
  Saint Roka (Orc:2)
  2 curse toes
  Nikola (Swamp:1)
  7 golden dragons
  3 doom hounds (Depths:2)
  A Tzitzimitl (Depths:2)
  A bone dragon (Depths:4)
  2 electric golems
  A Hell Sentinel (D:9)
  Zenata (Vaults:3)
  Jorgrun (Elf:2)
  A Brimstone Fiend (Depths:2)
  13 tentacled monstrosities
  2 Ice Fiends
  A walking earthen tome (Depths:3)
  23 Orb Guardians
  Asterion (Depths:2)
  7 quicksilver dragons
  4 liches
  5 titans
  4 deep elf blademasters
  5 deep elf master archers (Elf:3)
  Grunn (Depths:2)
  20 acid blobs
  7 sphinxes
  A thorn hunter (Swamp:4)
  Agnes (Spider:3)
  A pandemonium lord (D:1)
  Kirke (Spider:2)
  11 shadow dragons
  3 death cobs
  12 tengu reavers
  Donald (Vaults:4)
  A fenstrider witch (Swamp:4)
  15 storm dragons
  11 rockslimes
  3 draconian monks
  6 azure jellies
  3 draconian knights (Zot:5)
  A draconian shifter (Depths:4)
  9 emperor scorpions
  6 fire giants
  12 frost giants
  5 spectral caustic shrikes (Depths:1)
  2 draconian scorchers
  3 iron dragons
  5 ghost moths
  16 vault wardens
  7 deep elf sorcerers
  Aizul (Vaults:2)
  2 orc warlords
  3 deep elf elementalists (Elf:3)
  3 draconian annihilators
  35 very ugly things
  A reaper (D:1)
  A draconian stormcaller (Depths:4)
  7 war gargoyles
  7 quicksilver oozes
  2 cacodemons
  3 spriggan defenders
  15 ironbound preservers
  2 vampire knights (Depths:3)
  A quicksilver ooze (shapeshifter) (Vaults:5)
  A broodmother (Spider:1)
  7 ironbound thunderhulks
  15 stone giants
  A putrid mouth (Depths:2)
  8 eleionomae
  2 green draconians (Zot:5)
  3 bunyips
  Azrael (Spider:1)
  6 deep elf annihilators
  5 red draconians
  5 deep elf demonologists
  9 purple draconians
  9 yellow draconians
  5 black draconians
  10 spark wasps
  9 white draconians
  17 dire elephants
  A minotaur (Gauntlet)
  6 deep elf death magi
  An eidolon (Vaults:2)
  3 crystal guardians
  13 ettins
  A blizzard demon (D:1)
  A spectral quicksilver dragon (Zot:5)
  2 shambling mangroves
  9 entropy weavers
  8 fire dragons
  7 deep elf high priests
  2 jiangshi
  A great orb of eyes (shapeshifter) (Depths:3)
  10 ice dragons
  8 great orbs of eyes
  A spectral golden dragon (Zot:5)
  28 vault guards
  14 yaktaur captains
  17 hydras
  2 ghost crabs
  4 peacekeepers
  A jorogumo (shapeshifter) (Lair:5)
  A hell beast (Zot:3)
  6 rakshasas
  4 spriggan air magi
  A spectral shadow dragon (Zot:5)
  2 jorogumos
  4 radroaches
  The ghost of Hifysh the Fighter, a journeyman DsGl of Hepliaklqana (D:11)
  2 death knights (Vaults:2)
  33 dancing weapons
  3 ogre magi
  8 death yaks
  10 ironbound frosthearts
  12 centaur warriors
  5 alligators
  13 deep troll earth magi
  8 two-headed ogres
  10 boulder beetles
  A spectral draconian (Zot:5)
  2 spectral storm dragons (Zot:5)
  3 vampire magi
  13 deep troll shamans
  The ghost of jasper the Eclecticist, a journeyman DEHW of Vehumet (Lair:1)
  A death yak (shapeshifter) (Vaults:4)
  11 hell knights
  4 spriggan berserkers
  5 tengu warriors
  3 orc high priests
  A soul eater (Depths:2)
  2 thrashing horrors (Lair:5)
  23 deep elf knights
  A titan skeleton (Depths:1)
  Amaemon (D:8)
  5 pharaoh ants
  A salamander mystic (Depths:4)
  Sonja (Lair:3)
  A storm dragon skeleton (Depths:1)
  4 goliath frogs
  10 iron trolls
  2 shadow wraiths (Vaults:5)
  A cherub (D:6)
  8 bog bodies
  4 spriggan druids
  Lodul (D:10)
  9 swamp dragons
  65 deep trolls
  2 flayed ghosts
  11 orb spiders
  2 wizards
  3 glowing orange brains
  A glowing orange brain (shapeshifter) (Vaults:5)
  An obsidian statue (Gauntlet)
  A steelbarb worm (Spider:4)
  2 orange crystal statues
  15 orc knights
  2 mana vipers (shapeshifter)
  7 phantasmal warriors
  24 deep elf archers
  30 deep elf zephyrmancers
  14 lindwurms
  4 necromancers
  61 ugly things
  15 ironbound convokers
  A wolf spider (shapeshifter) (Depths:4)
  6 will-o-the-wisps
  17 wolf spiders
  34 deep elf pyromancers
  7 orc sorcerers
  3 shining eyes
  4 cyclopes
  A faun (shapeshifter) (Elf:3)
  An iron dragon zombie (Depths:1)
  3 salamanders (Depths:4)
  2 manticores
  7 elephants
  A moth of wrath (shapeshifter) (Depths:3)
  An eye of devastation (Slime:2)
  2 smoke demons
  Joseph (D:8)
  19 moths of wrath
  23 vault sentinels
  A torpor snail (Spider:1)
  A naga mage (D:15)
  4 demonic crawlers
  3 rust devils (Depths:1)
  A storm dragon simulacrum (Zot:5)
  2 ice statues (Swamp:4)
  3 black mambas
  A stone giant skeleton (Vaults:3)
  A hellion (Depths:2)
  10 cane toads
  2 orange demons
  3 gargoyles
  Maggie (D:6)
  A rime drake (shapeshifter) (Elf:2)
  A yaktaur zombie (Vaults:3)
  18 rime drakes
  An efreet (D:15)
  An ice devil (D:1)
  3 freezing wraiths
  Psyche (D:8)
  2 kobold demonologists (D:11)
  39 yaktaurs
  A golden dragon simulacrum (Zot:5)
  11 komodo dragons
  An ancient zyme (Lair:5)
  7 tengu conjurers
  A ghost moth simulacrum (Zot:5)
  2 tormentors (Depths:2)
  5 bloated husks
  6 trolls
  20 polar bears
  3 meliai (Spider:4)
  24 tarantellas
  16 hornets
  2 hellwings (Depths:2)
  22 blink frogs
  7 tyrant leeches
  A blink frog (shapeshifter) (Elf:2)
  2 frost giant simulacra
  11 dream sheep
  A stone giant simulacrum (Vaults:3)
  2 shadows
  20 jumping spiders
  25 culicivoras
  5 air elementals
  A centaur simulacrum (D:10)
  67 slime creatures
  Sigmund (D:4)
  4 fire bats (Depths:2)
  4 water elementals
  3 vampires
  18 spriggans
  4 wraiths
  53 yaks
  3 ynoxinuls
  12 basilisks
  3 large abominations (Lair:5)
  9 fire elementals
  3 wyverns
  58 redbacks
  A red draconian simulacrum (Zot:5)
  5 hogs (Spider:2)
  2 steam dragons
  A neqoxec (D:1)
  3 chaos spawn (Depths:1)
  18 swamp worms
  4 wargs
  An acid dragon (D:8)
  17 water moccasins
  2 floating eyes (Depths:3)
  4 moth of wrath simulacra (Zot:5)
  5 hell hounds
  7 swamp drakes
  2 ice beasts
  34 orc warriors
  A sky beast (D:7)
  4 black bears
  12 ogres
  13 centaurs
  5 wolves (Lair:3)
  A phantom (D:5)
  7 kobold brigands
  Blork the orc (Orc:2)
  14 bullfrogs
  2 gnoll sergeants
  2 earth elementals
  5 scorpions
  14 wights
  8 small abominations (Lair:5)
  10 killer bees
  12 howler monkeys
  3 vampire bats (D:7)
  A hound (D:5)
  13 orc priests
  3 jellies
  A sleepcap (D:5)
  A gnoll bouda (D:6)
  19 orc wizards
  11 mummies (Ossuary)
  17 gnolls
  8 adders
  A shadow imp (D:7)
  3 white imps
  An ufetubus (D:5)
  A dart slug (shapeshifter) (Lair:5)
  2 dart slugs
  88 orcs
  A bat skeleton (D:7)
  4 bat zombies (D:7)
  An endoplasm (D:2)
  3 giant cockroaches
  4 hobgoblins
  3 jackals (D:1)
  24 kobolds
  4 quokkas
  4 ball pythons
  2 bats
  5 frilled lizards
  2 gnoll skeletons (Ossuary)
  13 goblins
  A goblin skeleton (Ossuary)
  3 kobold skeletons (Ossuary)
  2 orc skeletons (Ossuary)
  3 rats
  11 rat skeletons (Ossuary)
  A spectral kobold (D:10)
2266 creatures vanquished.

Vanquished Creatures (collateral kills)
  3 orbs of fire (Zot:5)
  A Killer Klown (Zot:5)
  An electric golem (Zot:5)
  4 Orb Guardians (Zot:5)
9 creatures vanquished.

Vanquished Creatures (others)
  A caustic shrike (Depths:3)
  A tentacled monstrosity (Zot:3)
  A death cob (Zot:4)
  2 shadow dragons
  A tengu reaver (Vaults:5)
  A fire giant (Vaults:5)
  A deep elf sorcerer (Elf:2)
  A ghost moth (Zot:2)
  An ironbound preserver (Vaults:5)
  A very ugly thing (Depths:3)
  A black draconian (Zot:3)
  A yellow draconian (Zot:2)
  A red draconian (Zot:5)
  A jiangshi (Depths:3)
  A wizard (Depths:3)
  A deep elf pyromancer (Elf:3)
  A deep elf zephyrmancer (Elf:2)
  3 moths of wrath
  2 bloated husks
  A yak (Lair:5)
  2 redbacks (Spider:3)
  An orc warrior (Orc:2)
  An orc wizard (Elf:1)
  An orc (D:10)
  A bush (Lair:2)
  14 foxfires
  26 fungi
  78 plants
  A withered plant (Gauntlet)
149 creatures vanquished.

Grand Total: 2424 creatures vanquished

Notes
Turn   | Place    | Note
-------+----------+-------------------------------------------
     0 | D:1      | grumposus the Gargoyle Earth Elementalist began the quest
                  | for the Orb.
     0 | D:1      | Reached XP level 1. HP: 10/10 MP: 3/3
   160 | D:1      | Reached skill level 4 in Earth Magic
   171 | D:1      | Found a faded altar of an unknown god.
   197 | D:1      | You fall into a shaft and drop 1 floor!
   210 | D:2      | Reached XP level 2. HP: 15/15 MP: 3/5
   939 | D:1      | Reached XP level 3. HP: 19/19 MP: 3/6
  1563 | D:2      | Reached skill level 5 in Earth Magic
  1652 | D:2      | Reached XP level 4. HP: 24/24 MP: 5/8
  2293 | D:3      | Found a shimmering blue altar of Sif Muna.
  2780 | D:4      | Found Taaxt's Self-Improvement Boutique.
  2780 | D:4      | Noticed Sigmund
  2785 | D:4      | Killed Sigmund
  2786 | D:4      | Reached skill level 6 in Earth Magic
  2786 | D:4      | Reached XP level 5. HP: 28/28 MP: 5/10
  2786 | D:4      | Reached XP level 6. HP: 32/32 MP: 5/11
  2834 | D:4      | Learned a level 3 spell: Stone Arrow
  2906 | D:4      | Reached skill level 7 in Earth Magic
  2988 | D:4      | Found a staircase to the Ecumenical Temple.
  3417 | Temple   | Entered the Ecumenical Temple
  3425 | Temple   | Became a worshipper of Vehumet
  3449 | D:5      | Entered Level 5 of the Dungeon
  3452 | D:5      | Reached skill level 1 in Conjurations
  3970 | D:5      | Reached XP level 7. HP: 36/36 MP: 10/13
  4123 | D:5      | Reached skill level 8 in Earth Magic
  4687 | D:6      | Noticed Maggie
  4951 | D:6      | Killed Maggie
  4952 | D:6      | Reached skill level 9 in Earth Magic
  4952 | D:6      | Reached XP level 8. HP: 13/41 MP: 0/15
  5082 | D:6      | Reached skill level 5 in Spellcasting
  5171 | D:6      | Found Cyzxaug's Book Shop.
  5248 | D:6      | Reached skill level 10 in Earth Magic
  5301 | D:6      | Reached * piety under Vehumet
  5301 | D:6      | Offered knowledge of Shock by Vehumet.
  5307 | D:6      | Identified the +1 helmet "Noenij" {Rampage Str+2}
  5412 | D:6      | Reached XP level 9. HP: 29/45 MP: 1/17
  5640 | D:6      | Found a glowing golden altar of the Shining One.
  6094 | D:6      | Found a snail-covered altar of Cheibriados.
  6095 | D:6      | Found a broken altar of Ashenzari.
  6115 | D:6      | Learned a level 6 spell: Iron Shot
  6233 | D:7      | Reached skill level 5 in Conjurations
  6263 | D:7      | Reached skill level 1 in Fighting
  6314 | D:7      | Reached skill level 11 in Earth Magic
  6340 | D:7      | Found a sand-covered staircase.
  6365 | Ossuary  | Entered an ossuary
  6528 | Ossuary  | Offered knowledge of Foxfire by Vehumet.
  6536 | Ossuary  | Reached ** piety under Vehumet
  6934 | D:7      | Found an ancient bone altar of Kikubaaqudgha.
  7134 | D:7      | Offered knowledge of Mephitic Cloud by Vehumet.
  7370 | D:8      | Noticed Joseph
  7381 | D:8      | Killed Joseph
  7625 | D:8      | Noticed Psyche
  7639 | D:8      | Reached skill level 12 in Earth Magic
  7667 | D:8      | Killed Psyche
  7668 | D:8      | Reached XP level 10. HP: 56/56 MP: 9/19
  7751 | D:8      | Reached *** piety under Vehumet
  8101 | D:8      | Noticed an orange demon
  8104 | D:8      | Offered knowledge of Olgreb's Toxic Radiance by Vehumet.
  8326 | D:8      | Reached skill level 13 in Earth Magic
  8558 | D:8      | Reached skill level 5 in Fighting
  8664 | D:8      | Noticed Amaemon
  8976 | D:8      | Killed Amaemon
  8976 | D:8      | Reached **** piety under Vehumet
  8979 | D:8      | Killed an orange demon
  9165 | D:8      | Reached XP level 11. HP: 64/64 MP: 22/22
  9222 | D:8      | Found a staircase to the Lair.
  9324 | D:9      | Noticed a two-headed ogre
  9332 | D:9      | Killed a two-headed ogre
  9333 | D:9      | Reached skill level 14 in Earth Magic
  9393 | D:9      | Offered knowledge of Ignite Poison by Vehumet.
  9425 | D:9      | Found a flagged portal.
  9438 | Bailey   | Entered a bailey
  9524 | Bailey   | Noticed an orc knight
  9524 | Bailey   | Noticed an orc knight
  9552 | Bailey   | Killed an orc knight
  9674 | Bailey   | Killed an orc knight
  9790 | Bailey   | Identified the +1 pair of boots of Greed {Rampage rC+
                  | Regen+ MP+9}
 10093 | D:9      | Found a white marble altar of Elyvilon.
 10376 | D:9      | Found a staircase to the Orcish Mines.
 10632 | D:9      | Reached ***** piety under Vehumet
 10638 | D:9      | Offered knowledge of Plasma Beam by Vehumet.
 10922 | D:10     | Entered Level 10 of the Dungeon
 10951 | D:10     | Found a blossoming altar of Fedhas.
 11004 | D:10     | Noticed a boulder beetle
 11199 | Lair:1   | Entered Level 1 of the Lair of Beasts
 11367 | Lair:1   | Found a runed translucent door.
 11369 | Lair:1   | Noticed jasper's ghost (journeyman DEHW)
 11500 | Lair:1   | Reached skill level 15 in Earth Magic
 11631 | Lair:1   | Noticed a death yak
 11646 | Lair:1   | Killed a death yak
 11728 | Lair:1   | Noticed a death yak
 11742 | Lair:1   | Noticed a death yak
 11744 | Lair:1   | Killed a death yak
 11745 | Lair:1   | Reached XP level 12. HP: 62/72 MP: 13/24
 11747 | Lair:1   | Noticed a death yak
 11747 | Lair:1   | Noticed a death yak
 12015 | Lair:1   | Killed a death yak
 12492 | Lair:1   | Identified the +0 spear of Diet Blood {freeze, rC+ MP-9
                  | Str+4}
 12535 | Lair:1   | Killed a death yak
 12633 | Lair:1   | Killed a death yak
 12833 | Lair:2   | Noticed a five-headed hydra
 12845 | Lair:1   | Killed a five-headed hydra
 12848 | Lair:1   | Reached skill level 16 in Earth Magic
 13389 | Lair:2   | Reached skill level 1 in Short Blades
 13494 | Lair:2   | Found a staircase to the Swamp.
 13507 | Lair:2   | Reached skill level 10 in Conjurations
 13713 | Lair:2   | Found a hole to the Spider Nest.
 13730 | Lair:2   | Reached XP level 13. HP: 79/79 MP: 26/26
 14161 | Lair:3   | Found an ornate altar of the Wu Jian Council.
 14162 | Lair:3   | Found a hide-covered altar of Uskayaw.
 14277 | Lair:3   | Reached skill level 17 in Earth Magic
 14439 | Lair:3   | Noticed Sonja
 14443 | Lair:3   | Killed Sonja
 14982 | Lair:4   | Offered knowledge of Ozocubu's Refrigeration by Vehumet.
 14992 | Lair:4   | Reached skill level 5 in Short Blades
 15351 | Lair:4   | Reached skill level 10 in Spellcasting
 15458 | Lair:4   | Reached skill level 1 in Armour
 15799 | Lair:5   | Entered Level 5 of the Lair of Beasts
 15883 | Lair:5   | Gained mutation: Your large and strong wings let you fly.
                  | [Gargoyle growth]
 15883 | Lair:5   | Reached XP level 14. HP: 87/87 MP: 28/28
 15944 | Lair:5   | Reached skill level 18 in Earth Magic
 15969 | Lair:5   | Reached skill level 10 in Fighting
 15972 | Lair:5   | Reached skill level 1 in Shields
 16039 | Lair:5   | Reached skill level 5 in Dodging
 16082 | Lair:5   | Found a staircase to the Slime Pits.
 16082 | Lair:5   | Found a viscous altar of Jiyva.
 16156 | Lair:5   | Found a dark tunnel.
 16168 | Volcano  | Entered a volcano
 16242 | Volcano  | Offered knowledge of Arcjolt by Vehumet.
 16519 | Lair:5   | Identified the +1 scale mail of Totammix {+Inv Int+4}
 17040 | Lair:5   | Reached skill level 5 in Shields
 17101 | Lair:5   | Found a corrupted altar of Lugonu.
 17101 | Lair:5   | Found a one-way gate to the infinite horrors of the Abyss.
 17537 | Orc:1    | Entered Level 1 of the Orcish Mines
 17538 | Orc:1    | Found Onuuhan's Weapon Emporium.
 17764 | Orc:2    | Entered Level 2 of the Orcish Mines
 17901 | Orc:2    | Noticed Blork the orc
 17949 | Orc:2    | Killed Blork the orc
 17994 | Orc:2    | Found Utrauruo's Assorted Antiques.
 18005 | Orc:2    | Bought an iridescent rapier for 324 gold pieces
 18005 | Orc:2    | Identified the +2 rapier "Toebb" {antimagic, rN+ rCorr
                  | Dex-5} (You bought it in a shop on level 2 of the Orcish
                  | Mines)
 18019 | Orc:2    | Found a staircase to the Elven Halls.
 18081 | Orc:2    | Found Uxkuv's Antique Weapon Emporium.
 18110 | Orc:2    | Found Misiaff's Vocational Training.
 18204 | Orc:2    | Noticed Saint Roka
 18419 | Orc:2    | Offered knowledge of Lee's Rapid Deconstruction by Vehumet.
 18434 | Orc:1    | Learned a level 5 spell: Lee's Rapid Deconstruction
 18613 | Orc:2    | Killed Saint Roka
 18614 | Orc:2    | Reached skill level 5 in Armour
 18740 | Orc:2    | Reached XP level 15. HP: 87/94 MP: 7/29
 18830 | Orc:2    | Found Peepsioh's Antique Weapon Emporium.
 18866 | Orc:2    | Found Qett's Armour Shop.
 18969 | Orc:2    | Found Kyasomu's Book Shop.
 18974 | Orc:2    | Bought a manual of Earth Magic for 1280 gold pieces
 19000 | Orc:2    | Found Geepp's General Store.
 19033 | Orc:2    | Found Gocwistu's Jewellery Emporium.
 19047 | Orc:2    | Found Vuva's Antique Armour Emporium.
 19381 | Orc:2    | Bought a pair of transparent boots for 342 gold pieces
 19381 | Orc:2    | Identified the +0 pair of boots "Sinerou" {rCorr} (You
                  | bought it in a shop on level 2 of the Orcish Mines)
 19493 | D:10     | Noticed Lodul
 19498 | D:10     | Killed Lodul
 20060 | D:10     | Found a hazy altar of Hepliaklqana.
 20321 | D:11     | Reached skill level 1 in Long Blades
 20518 | D:11     | Found a runed translucent gate.
 20519 | D:11     | Found a runed translucent gate.
 20519 | D:11     | Noticed Hifysh's ghost (journeyman DsGl)
 20520 | D:11     | Found a runed translucent gate.
 21677 | D:12     | Learned a level 4 spell: Iskenderun's Mystic Blast
 21966 | D:12     | Identified the +0 ring mail of the Chupacabra {+Blink}
 22335 | D:13     | Found a portal to a secret trove of treasure.
 22570 | D:13     | Found a transporter.
 22587 | D:13     | Found a transporter.
 22684 | D:13     | Found a transporter.
 22824 | D:13     | Reached skill level 1 in Translocations
 23082 | D:13     | Found a transporter.
 23351 | D:14     | Learned a level 2 spell: Passwall
 23396 | D:14     | Found a gate to the Vaults.
 23564 | D:14     | Found a gate leading to a gauntlet.
 23573 | Gauntlet | Entered a Gauntlet
 23573 | Gauntlet | Found a transporter.
 23582 | Gauntlet | Found a transporter.
 23585 | Gauntlet | Noticed a balrug
 23599 | Gauntlet | Found a transporter.
 23603 | Gauntlet | Found a transporter.
 23624 | Gauntlet | Found a transporter.
 23637 | Gauntlet | Found a transporter.
 23639 | Gauntlet | Found a runed translucent door.
 23651 | Gauntlet | Found a transporter.
 23680 | Gauntlet | Found a transporter.
 23680 | Gauntlet | Found a transporter.
 23689 | Gauntlet | Found a transporter.
 23720 | Gauntlet | Found a transporter.
 23720 | Gauntlet | Found a transporter.
 23721 | Gauntlet | Found a runed translucent door.
 23828 | Gauntlet | Identified the +1 pair of boots "Fiesadut" {Rampage}
 23908 | Gauntlet | Identified the ring "Noiko" {Wiz rC+ Str+3}
 23922 | Gauntlet | Identified the +1 pair of boots of Kasalube {rN+ Will+
                  | Regen+ Int+2}
 24501 | D:15     | Entered Level 15 of the Dungeon
 24604 | D:15     | Reached skill level 19 in Earth Magic
 24647 | D:15     | Identified the +2 leather armour "Befre" {Rampage Int+3
                  | Slay-4}
 24713 | D:15     | Found a flickering gateway to a bazaar.
 24727 | Bazaar   | Entered a bazaar
 24729 | Bazaar   | Found Pilasuz's Weapon Boutique.
 24729 | Bazaar   | Found Wumy's Weapon Boutique.
 24755 | Bazaar   | Found Dioniwn's Antique Weapon Boutique.
 24804 | Bazaar   | Found Paikk's Jewellery Shop.
 24840 | Bazaar   | Bought the ring of Ycsucw Kade {Fly rF+ Str+6 Int+3 Stlth+}
                  | for 489 gold pieces
 24870 | D:15     | Reached skill level 5 in Stealth
 25108 | D:15     | Reached XP level 16. HP: 101/101 MP: 30/30
 25136 | D:15     | Found a broken altar of Ashenzari.
 25553 | D:15     | Found a staircase to the Depths.
 25945 | Spider:1 | Entered Level 1 of the Spider Nest
 25948 | Spider:1 | Offered knowledge of Yara's Violent Unravelling by Vehumet.
 25955 | Spider:1 | Learned a level 5 spell: Fireball
 26156 | Spider:1 | Reached skill level 1 in Fire Magic
 26330 | Spider:1 | Identified a scroll of acquirement
 26335 | Spider:1 | Acquired a staff of earth
 26688 | Spider:1 | Noticed Azrael
 26691 | Spider:1 | Killed Azrael
 27112 | Spider:1 | Reached skill level 20 in Earth Magic
 27370 | Spider:2 | Offered knowledge of Irradiate by Vehumet.
 27380 | Spider:2 | Reached ****** piety under Vehumet
 27403 | Spider:2 | Noticed Kirke
 27406 | Spider:2 | Killed Kirke
 28730 | Spider:3 | Reached skill level 5 in Fire Magic
 28822 | Spider:3 | Reached XP level 17. HP: 108/108 MP: 31/31
 29167 | Spider:3 | Reached skill level 5 in Translocations
 29289 | Spider:3 | Noticed Agnes
 29292 | Spider:3 | Killed Agnes
 29705 | Swamp:1  | Entered Level 1 of the Swamp
 29718 | Swamp:1  | Noticed Nikola
 29723 | Swamp:1  | Killed Nikola
 29801 | Swamp:1  | Found the +9 sword of Zonguldrok {reap}
 29823 | Swamp:1  | Offered knowledge of Lehudib's Crystal Spear by Vehumet.
 29885 | Swamp:1  | Learned a level 8 spell: Lehudib's Crystal Spear
 30379 | Swamp:2  | Reached skill level 21 in Earth Magic
 30457 | Swamp:2  | Noticed a tentacled monstrosity
 30462 | Swamp:2  | Killed a tentacled monstrosity
 30488 | Swamp:2  | Noticed a tentacled monstrosity
 30493 | Swamp:2  | Killed a tentacled monstrosity
 31579 | Swamp:4  | Entered Level 4 of the Swamp
 31699 | Swamp:4  | Reached XP level 18. HP: 86/115 MP: 25/32
 31699 | Swamp:4  | Noticed a tentacled monstrosity
 31702 | Swamp:4  | Paralysed by a fenstrider witch for 2 turns
 31765 | Swamp:4  | Offered knowledge of Chain Lightning by Vehumet.
 31765 | Swamp:4  | Offered knowledge of Polar Vortex by Vehumet.
 31765 | Swamp:4  | Offered knowledge of Ignition by Vehumet.
 31864 | Swamp:4  | Found a frozen archway.
 31938 | IceCv    | Entered an ice cave
 32525 | IceCv    | Reached skill level 22 in Earth Magic
 32743 | IceCv    | Identified the +1 helmet of Intercession {*Corrode Regen+
                  | Str+6}
 32889 | Swamp:4  | Killed a tentacled monstrosity
 32989 | Swamp:4  | Got a decaying rune of Zot
 33348 | Swamp:4  | Acquired the staff of fire "Cuerysm" {rF+ Int+3}
 33539 | Spider:4 | Entered Level 4 of the Spider Nest
 33665 | Spider:4 | Reached skill level 10 in Fire Magic
 33678 | Spider:4 | Reached skill level 15 in Conjurations
 34345 | Spider:4 | Reached XP level 19. HP: 110/122 MP: 26/33
 34435 | Spider:4 | Identified the -1 pair of boots of Qaufef {-Tele Dex+4
                  | SInv}
 34470 | Spider:4 | Got a gossamer rune of Zot
 34944 | Vaults:1 | Entered Level 1 of the Vaults
 34956 | Vaults:1 | Found Rosk's Armour Boutique.
 35271 | Vaults:1 | Identified the +1 short sword "Fyicyope" {heavy, rF++
                  | Will+}
 36201 | Vaults:2 | Reached skill level 15 in Fighting
 37112 | Vaults:2 | Reached XP level 20. HP: 129/129 MP: 34/34
 37135 | Vaults:2 | Noticed Aizul
 37139 | Vaults:2 | Killed Aizul
 37263 | Vaults:2 | Found a staircase to the Crypt.
 37714 | Vaults:2 | Upgraded the game from 0.30-a0-996-ga6910c8ee8 to
                  | 0.30-a0-1008-g30c9307041
 37744 | Vaults:3 | Noticed Zenata
 37751 | Vaults:3 | Killed Zenata
 37900 | Vaults:3 | Identified the +0 plate armour "Kighaps" {Str+2 Dex+2}
 37977 | Vaults:3 | Identified the +6 chain mail of Infinity {rF- Will+ rCorr}
 38131 | Vaults:3 | Reached skill level 10 in Shields
 38398 | Orc:2    | Bought a manual of Armour for 1280 gold pieces
 39244 | Vaults:3 | Noticed Mara
 39245 | Vaults:3 | Noticed grumposus's illusion
 39248 | Vaults:3 | Killed Mara
 39881 | Vaults:4 | Reached skill level 10 in Translocations
 40297 | Vaults:4 | Noticed Donald
 40302 | Vaults:4 | Killed Donald
 40521 | Vaults:4 | Reached XP level 21. HP: 89/134 MP: 20/36
 41811 | Depths:1 | Entered Level 1 of the Depths
 41811 | Depths:1 | Noticed Sojobo
 41848 | Depths:1 | Reached skill level 10 in Armour
 41848 | Depths:1 | Killed Sojobo
 42534 | Depths:1 | Found a gateway to Hell.
 42630 | Depths:1 | Found a snail-covered altar of Cheibriados.
 42811 | Depths:1 | Found a one-way gate leading to the halls of Pandemonium.
 43241 | Depths:2 | Noticed Asterion
 43262 | Depths:2 | Killed Asterion
 43719 | Depths:2 | Reached XP level 22. HP: 140/140 MP: 36/38
 44402 | Depths:2 | Noticed Grunn
 44637 | Depths:2 | Killed Grunn
 45431 | Depths:3 | Found a one-way gateway to a ziggurat.
 45618 | Depths:3 | Noticed a caustic shrike
 45622 | Depths:3 | Noticed a caustic shrike
 45720 | Depths:3 | Noticed a caustic shrike
 45724 | Depths:3 | Killed a caustic shrike
 45732 | Depths:3 | Killed a caustic shrike
 45733 | Depths:3 | Reached skill level 15 in Shields
 45774 | Depths:2 | Learned a level 9 spell: Polar Vortex
 45783 | Depths:2 | Learned a level 7 spell: Spellforged Servitor
 45883 | Depths:3 | Killed a caustic shrike
 45999 | Depths:3 | Reached skill level 1 in Summonings
 46615 | Depths:3 | Noticed an ancient lich
 46618 | Depths:3 | Killed an ancient lich
 46619 | Depths:3 | Reached XP level 23. HP: 112/144 MP: 28/40
 47061 | Depths:3 | Got the Atlas of Warped Support
 47611 | Depths:4 | Entered Level 4 of the Depths
 47632 | Depths:4 | Noticed a caustic shrike
 47632 | Depths:4 | Noticed a caustic shrike
 47633 | Depths:4 | Noticed a caustic shrike
 47676 | Depths:4 | Noticed a caustic shrike
 47679 | Depths:4 | Killed a caustic shrike
 47682 | Depths:4 | Killed a caustic shrike
 47687 | Depths:4 | Killed a caustic shrike
 47703 | Depths:4 | Killed a caustic shrike
 47812 | Depths:4 | Reached skill level 15 in Armour
 48138 | Depths:4 | Found a radiant altar of Vehumet.
 48203 | Depths:4 | Reached skill level 5 in Summonings
 48432 | Depths:4 | Found a corrupted altar of Lugonu.
 48594 | Depths:4 | Noticed a golden dragon
 48598 | Depths:4 | Killed a golden dragon
 48622 | Depths:4 | Noticed a golden dragon
 48627 | Depths:4 | Killed a golden dragon
 48687 | Depths:4 | Reached skill level 15 in Fire Magic
 48752 | Depths:4 | Noticed a golden dragon
 48764 | Depths:4 | Killed a golden dragon
 48806 | Depths:4 | Found a gate to the Realm of Zot.
 49251 | Orc:2    | Bought a manual of Evocations for 1360 gold pieces
 49303 | Elf:1    | Entered Level 1 of the Elven Halls
 49405 | Elf:1    | Reached skill level 1 in Evocations
 49477 | Elf:1    | Paralysed by an air elemental for 1 turns
 49638 | Elf:1    | Reached XP level 24. HP: 150/150 MP: 41/41
 49647 | Elf:1    | Learned a level 8 spell: Ignition
 49671 | Elf:1    | Noticed Louise
 49695 | Elf:1    | Banished Louise
 49817 | Elf:1    | Reached skill level 23 in Earth Magic
 50067 | Elf:1    | Found a runed translucent gate.
 50067 | Elf:1    | Found a runed translucent gate.
 50067 | Elf:1    | Found a runed translucent gate.
 50067 | Elf:1    | Found a runed translucent gate.
 50067 | Elf:1    | Found a runed translucent gate.
 50069 | Elf:1    | Found a runed translucent gate.
 50075 | Elf:1    | Identified the +0 pair of gloves "Nuarhaasm" {rPois Str+2}
 50397 | Elf:2    | Found Ryrphicli's General Store.
 50610 | Elf:2    | Found a runed translucent gate.
 50611 | Elf:2    | Found a runed translucent gate.
 50611 | Elf:2    | Found a runed translucent gate.
 50758 | Elf:2    | Paralysed by an air elemental for 1 turns
 50774 | Elf:2    | Reached skill level 5 in Evocations
 51066 | Elf:2    | Noticed Jorgrun
 51073 | Elf:2    | Killed Jorgrun
 51521 | Elf:3    | Entered Level 3 of the Elven Halls
 51649 | Elf:3    | Found Wuir's Magic Scroll Boutique.
 51650 | Elf:3    | Found Vousm's Weapon Boutique.
 51659 | Elf:3    | Found Setat's Antique Armour Boutique.
 51660 | Elf:3    | Found Asugriwico's Antique Armour Boutique.
 51877 | Elf:3    | Identified the ring of Rerifisa {Fly Str+2}
 52487 | Elf:3    | Identified the +7 scimitar of the Jumping Shrike {vamp,
                  | *Noise +Blink Will++ Dex+3}
 52487 | Elf:3    | Identified the ring "Dekian" {Drain rF++ Slay+4}
 52552 | Elf:3    | Identified the staff of air "Epuasuq" {Fragile rElec rCorr
                  | Int+3}
 52558 | Elf:3    | Identified the ring "Poymyczich" {Wiz Fly rElec rC- Dex+3}
 52629 | Elf:3    | Identified the staff of death "Taosyaz" {rElec rF++ rN+
                  | Str+2 Int+3}
 53025 | Slime:1  | Entered Level 1 of the Pits of Slime
 53028 | Slime:1  | Reached skill level 24 in Earth Magic
 53052 | Slime:1  | Reached XP level 25. HP: 155/155 MP: 16/41
 54041 | Slime:4  | Noticed Dissolution
 54044 | Slime:4  | Killed Dissolution
 54472 | Slime:3  | Gained mutation: You occasionally lose the ability to drink
                  | potions when taking damage. [a shining eye]
 54572 | Slime:5  | Entered Level 5 of the Pits of Slime
 54774 | Slime:5  | Noticed the Royal Jelly
 54780 | Slime:5  | Killed the Royal Jelly
 55011 | Slime:5  | Identified the +4 scale mail "Loat" {Will++ Dex+3}
 55013 | Slime:5  | Got a slimy rune of Zot
 55020 | Slime:5  | Identified the +0 robe of Lifelessness {Str+5}
 55023 | Slime:5  | Found the +0 staff of Battle
 55044 | Slime:5  | Identified the ring of the Madman {rElec rF+ Dex+6}
 55064 | Slime:5  | Identified the amulet of Kikubaaqudgha, Riding {Spirit
                  | rElec Stlth+}
 55101 | Slime:5  | Identified the staff of conjuration "Turin" {rCorr Dex+4}
 55139 | Slime:5  | Identified the ring of Xuixuih {Ice rElec rPois}
 55541 | Vaults:1 | Bought the +9 scales of the Dragon King {rPois rF+ rC+
                  | Will+} for 1497 gold pieces
 55541 | Vaults:1 | Found the +9 scales of the Dragon King {rPois rF+ rC+
                  | Will+}
 56060 | D:13     | You showed the slimy rune of Zot to enter a treasure trove
 56061 | Trove    | Entered a treasure trove
 56091 | Trove    | Identified the +0 pair of boots "Estudd" {Int+3}
 56093 | Trove    | Identified the +12 crystal plate armour of the Orb Guardian
                  | {Regen+ Str+5}
 56113 | Trove    | Identified the amulet "Hosos" {Faith rN+ Int+2}
 56115 | Trove    | Identified the amulet "Fozeps" {Acrobat Drain rN+++ SInv
                  | Stlth-}
 56118 | Trove    | Identified the amulet "Guomenuo" {Faith +Blink rElec rC+
                  | Str-5}
 56219 | D:13     | Reached XP level 26. HP: 160/160 MP: 41/41
 56481 | Vaults:5 | Entered Level 5 of the Vaults
 56486 | Vaults:5 | Noticed a dread lich
 56492 | Vaults:5 | Paralysed by a dread lich for 4 turns
 56506 | Vaults:5 | Killed a dread lich
 56666 | Vaults:5 | Reached XP level 27. HP: 144/165 MP: 41/41
 56873 | Vaults:5 | Noticed an ancient lich
 56876 | Vaults:5 | Killed an ancient lich
 57169 | Vaults:5 | Got a silver rune of Zot
 57372 | Vaults:5 | Learned a level 5 spell: Borgnjor's Vile Clutch
 57612 | Vaults:5 | Found the +5 Storm Queen's Shield {shock, Fly rElec}
 57617 | Vaults:5 | Reached skill level 1 in Necromancy
 57639 | Vaults:5 | Identified the staff of death "Niots" {Contam rElec rN+
                  | Str+3}
 58220 | Zot:1    | Entered Level 1 of the Realm of Zot
 58330 | Zot:1    | Noticed Parghit
 58334 | Zot:1    | Killed Parghit
 59364 | Zot:1    | Noticed an orb of fire
 59598 | Zot:2    | You are sucked into a shaft and drop 1 floor!
 61801 | Zot:4    | Identified the +4 hand axe of Tiaptee {speed, rN++ rCorr
                  | MP+9 Dex-5}
 62250 | Zot:5    | Entered Level 5 of the Realm of Zot
 62254 | Zot:5    | Reached skill level 5 in Necromancy
 62511 | Zot:5    | Found a runed translucent gate.
 62886 | Zot:5    | Found a runed translucent gate.
 62886 | Zot:5    | Found a runed translucent gate.
 62887 | Zot:5    | Noticed Jeanorph's ghost (legendary MiBe)
 62903 | Zot:5    | Killed Jeanorph's ghost
 63514 | D:11     | Reached skill level 25 in Earth Magic
 63514 | D:11     | Killed Hifysh's ghost
 64017 | Lair:1   | Killed jasper's ghost
 64751 | Zot:5    | Noticed a dread lich
 64755 | Zot:5    | Killed a dread lich
 64883 | Zot:5    | Noticed an orb of fire
 64975 | Zot:5    | Noticed a dread lich
 64984 | Zot:5    | Killed a dread lich
 65242 | Zot:5    | Noticed an orb of fire
 65246 | Zot:5    | Gained mutation: You occasionally shout uncontrollably at
                  | your foes. [an orb of fire]
 65246 | Zot:5    | Gained mutation: You sometimes lose the ability to drink
                  | potions when taking damage. [an orb of fire]
 65250 | Zot:5    | Gained mutation: You are weak. (Str -2) [an orb of fire]
 65250 | Zot:5    | Killed an orb of fire
 65262 | Zot:5    | Noticed a dread lich
 65271 | Zot:5    | Killed a dread lich
 65317 | Zot:4    | Lost mutation: You occasionally shout uncontrollably at
                  | your foes. [potion of mutation]
 65317 | Zot:4    | Lost mutation: You are weak. (Str -2) [potion of mutation]
 65317 | Zot:4    | Lost mutation: You sometimes lose the ability to drink
                  | potions when taking damage. [potion of mutation]
 65317 | Zot:4    | Gained mutation: You have sharp toenails. [potion of
                  | mutation]
 65354 | Zot:5    | Noticed an orb of fire
 65360 | Zot:5    | Killed an orb of fire
 65361 | Zot:5    | Noticed an orb of fire
 65371 | Zot:5    | Killed an orb of fire
 65372 | Zot:5    | Reached skill level 10 in Summonings
 65568 | Zot:5    | Gained mutation: Potions are less effective at restoring
                  | your health. [an orb of fire]
 65572 | Zot:5    | Gained mutation: Your magical capacity is low. (-10% MP)
                  | [an orb of fire]
 65572 | Zot:5    | Killed an orb of fire
 65660 | Zot:4    | Lost mutation: You occasionally lose the ability to drink
                  | potions when taking damage. [potion of mutation]
 65660 | Zot:4    | Lost mutation: Potions are less effective at restoring your
                  | health. [potion of mutation]
 65660 | Zot:4    | Lost mutation: Your magical capacity is low. (-10% MP)
                  | [potion of mutation]
 65660 | Zot:4    | Lost mutation: You have sharp toenails. [potion of
                  | mutation]
 65660 | Zot:4    | Gained mutation: You passively map a small area around you.
                  | [potion of mutation]
 65962 | Zot:5    | Identified the +5 mace of Fortitude {venom, Drain rElec rN+
                  | SInv}
 66128 | Zot:5    | Got the Orb of Zot
 66740 | D:1      | Noticed Kaext the pandemonium lord
 66754 | D:1      | Killed Kaext the pandemonium lord
 66834 | D:$      | Escaped with the Orb!

Illustrated notes

Levels and vault maps discovered:
D:1:      eino_arrival_cavern_a, layout_basic, ebering_ecumenical_altar_mist
D:2:      layout_basic, serial_park_tiny_pond
D:3:      layout_basic, kennysheep_orc_sif_temple, minmay_misc_feat_iff
D:4:      layout_cave_pools, minmay_temple_entry_junction,
          nicolae_shop_self_help, uniq_sigmund
D:5:      layout_layer_cave, chequers_serial_rivers_micro_d
D:6:      layout_basic, mainiacjoe_overflow_alcove_1,
          nicolae_overflow_hidden_temple, amethyst_killhole, st_stairs_10,
          kennysheep_windowed_goal, uniq_maggie
D:7:      layout_basic, kennysheep_vampire_church,
          lightli_ossuary_entry_decrepit_ruins
D:8:      layout_gridville, erik_lair_dragon, special_room [special_room_orc],
          uniq_joseph, uniq_psyche, uniq_amaemon
D:9:      layout_layer_cave, mainiacjoe_overflow_six_doors_small, david_orc_3,
          lightli_bailey_entry_fortress
D:10:     minmay_bloctagon_deflated, layout_long_grid,
          nicolae_hepliaklqana_monster_ancestors, mainiacjoe_overflow_boulevard,
          uniq_lodul
D:11:     layout_stronghold, gammafunk_ghost_split
D:12:     layout_basic, minivault_11
D:13:     layout_stronghold, nicolae_trove_entry_isolated,
          nicolae_diode_intersection
D:14:     layout_stronghold, erik_vaults_1, chequers_serial_rivers_room_a,
          gauntlet_entry_generic
D:15:     hangedman_depths_entry_try_elsewhere_first, layout_basic,
          serial_shops, bzr_in_the_mist, nicolae_ashenzari_skybound
Temple:   eino_narrow_crystal_temple
Lair:1:   layout_regular_city, ebering_ghost_funeral_grove, serial_forest,
          infiniplex_forest_lined_1, infiniplex_forest_clump_curved,
          infiniplex_forest_straight_5, infiniplex_forest_clump_double,
          infiniplex_forest_corner_2, infiniplex_forest_join,
          infiniplex_forest_lined_3_way, infiniplex_forest_end_2,
          lemuel_fruit_tree
Lair:2:   layout_regular_city, skrybe_swamp_entry_bodies,
          nicolae_spider_entry_tight_spaces, grunt_megastairs_3
Lair:3:   layout_misc_corridors, nzn_masters_of_martial_movement, uniq_sonja
Lair:4:   layout_cave_pods, nicolae_lair_grazing_beasts
          [nicolae_sub_lair_graze_edge, nicolae_sub_lair_graze_edge,
          nicolae_sub_lair_graze_edge, nicolae_sub_lair_graze_edge]
Lair:5:   hellmonk_lair_end_abyssal_woods, layout_regular_city, slime_entry_1,
          enter_volcano_3, grunt_megastairs_5
Swamp:1:  layout_basic_swamp, evilmike_swamp_ruin_house_5, uniq_nikola
Swamp:2:  layout_basic_swamp, nicolae_swamp_fairy_circle
Swamp:3:  layout_basic_swamp, nicolae_swamp_ascending_descending
Swamp:4:  swamp_alternative, layout_basic_swamp,
          portal_ice_cave_entry_ice_statue_two
Spider:1: layout_spider_delve, hangedman_spider_tarantella_strand, uniq_azrael
Spider:2: layout_spider_delve, uniq_kirke
Spider:3: layout_spider_delve, uniq_agnes
Spider:4: grunt_spider_rune_circles, drop_trap, nicolae_spider_webs_and_nodes
Slime:1:  layout_caves
Slime:2:  cheibrodos_slime_lost_civilization_1, layout_caves
Slime:3:  layout_caves
Slime:4:  layout_caves, dissolution_awaits
Slime:5
Orc:1:    layout_diamond_mine, serial_shops, nicolae_shop_bloodbath_and_beyond
Orc:2:    grunt_orc_cross, layout_caves, serial_shops,
          nicolae_shop_hallway_plus, nicolae_shop_behind_doors,
          nicolae_shop_waterfront, nicolae_shop_statue_plus,
          nicolae_shop_vocational
Elf:1:    layout_geoelf_grid, orc_legates, uniq_louise
Elf:2:    nicolae_elf_blades_crystal_corner, layout_gridlike, serial_shops,
          nicolae_shop_crystal, lemuel_flame_loot_1, uniq_jorgrun
Elf:3:    minmay_elf_hall, layout_geoelf_octagon,
          nicolae_concentric_dashed_squares_wild, grunt_ministairs_12,
          nicolae_elf_big_sculpture_1, minmay_shop_grid_forest
Vaults:1: vaults_mumra_chevron, ontoclasm_vaults_loading_screen,
          hangedman_vaults_slice, grunt_vaults_hallway_short,
          hangedman_vaults_nodes, ontoclasm_vaults_gateway, v_misc_12,
          v_alt_pattern_1, layout_vaults_omnigrid, serial_shops,
          nicolae_shop_advertising_works [nicolae_subvault_shop_adworks]
Vaults:2: minmay_crypt_entry_simple_box, ontoclasm_vaults_decontamination,
          nicolae_vaults_little_ls, v_pattern_5, vaults_standard_mumra_lines,
          nicolae_vaults_little_squares_4, grunt_vaults_diagonal,
          nicolae_vaults_little_squares_2, hangedman_vaults_stagger,
          ontoclasm_vaults_chip, vaults_mumra_lcd, hangedman_vaults_slice,
          hangedman_vaults_cutoff, nicolae_vaults_asterisk, v_misc_22,
          vaults_room_glass_cross, layout_vaults_maze_bifur, uniq_aizul
Vaults:3: v_misc_24, nicolae_vaults_network_star, nicolae_vaults_triangles,
          nicolae_vaults_little_squares_3, v_misc_17, v_rooms_6,
          vaults_mumra_hexcomb, st_lattice, vaults_room_hallway, v_misc_27,
          v_pattern_1, serial_ice_g, nicolae_vaults_ring_of_whatevers,
          vaults_room_grid, ontoclasm_vaults_twist, layout_vaults_omnibox,
          uniq_mara, uniq_zenata
Vaults:4: hangedman_vaults_slice, v_misc_24, v_alt_pattern_4, v_misc_3,
          ontoclasm_vaults_tryst, v_misc_2, nicolae_vaults_gold_heap,
          vaults_room_ringed_pool, grunt_vaults_swirl, ontoclasm_vaults_chip,
          nicolae_vaults_alarming, layout_vaults_omnicross, uniq_donald
Vaults:5
Depths:1: layout_basic, grunt_pan_entry_in_and_out, pf_hell_entry_tar_river,
          serial_sigils, serial_sigils_hangedman_gut,
          serial_sigils_hangedman_etch, serial_sigils_hangedman_snap,
          serial_sigils_hangedman_snap, minmay_statues_item,
          cheibriados_altar_2, uniq_sojobo
Depths:2: hourglass_vault, layout_gridlike, rand_demon_pan_entry_1,
          grunt_hell_entry_dis_grunt, infiniplex_staircase_zigzag_5, uniq_grunn,
          uniq_asterion
Depths:3: grunt_twisty_corner, layout_long_grid, enter_ziggurat_e,
          bh_walls_and_bars, abyss_entry_crystal, hell_entry,
          minmay_staircase_windowed_large
Depths:4: grunt_zot_entry_bicorn, layout_basic, abyss_entry_flame_altar,
          hell_entry, vehumet_crystals
Zot:1:    layout_concentric_octagons, nrook_zot_tub, uniq_parghit
Zot:2:    nicolae_moth_party, layout_gridlike
Zot:3:    layout_misc_corridors
Zot:4:    layout_gridlike
Zot:5:    layout_onion, gammafunk_ghost_necromancy

Skill      XL: |  1  2  3  4  5  6  7  8  9 10 11 12 13 14 15 16 17 18 19 20 21 22 23 24 25 26 27 |
---------------+----------------------------------------------------------------------------------+-----
Earth Magic    | 4 5 6 7 9 10 12 13 15 16 17 18 19 20 21 22 24 25 | 25.6
Spellcasting   | 3 4 5 6 7 8 9 10 11 12 13 14 | 14.0
Conjurations   | 1 3 4 6 7 9 10 11 12 13 14 15 16 17 18 | 18.0
Fighting       | 3 5 7 8 9 11 12 13 14 15 | 15.0
Dodging        | 3 4 6 7 8 9 |  9.9
Short Blades   | 3 6 7 8 |  8.4
Armour         | 1 5 6 8 11 13 15 16 18 19 22 | 22.2
Shields        | 6 7 8 11 13 15 17 | 17.0
Long Blades    | 1 |  1.0
Stealth        | 5 6 |  6.0
Translocations | 2 4 6 7 9 10 | 10.0
Fire Magic     | 5 8 10 11 12 13 15 16 17 19 21 | 21.2
Summonings     | 2 6 8 10 | 10.5
Evocations     | 2 8 |  8.2
Necromancy     | 7 |  7.5
Transmutations | |  0.7

Action                     |  1- 3 |  4- 6 |  7- 9 | 10-12 | 13-15 | 16-18 | 19-21 | 22-24 | 25-27 || total
---------------------------+-------+-------+-------+-------+-------+-------+-------+-------+-------++-------
  Melee: Dagger            |    11 |       |       |       |       |       |       |       |       ||    11
         Short sword       |       |       |    55 |   108 |   136 |    11 |    85 |    32 |     3 ||   430
         Punch             |       |       |     1 |     1 |     2 |       |       |       |       ||     4
         Unarmed           |       |       |       |     5 |       |       |       |       |       ||     5
         Staff             |       |       |       |       |       |    10 |    34 |    54 |    51 ||   149
  Throw: Dart              |       |       |       |     1 |       |       |       |       |       ||     1
   Cast: Sandblast         |    37 |    42 |   142 |   252 |   579 |   451 |    52 |       |       ||  1555
         Stone Arrow       |       |       |    24 |    66 |     5 |     1 |       |       |       ||    96
         Iron Shot         |       |       |       |    46 |   217 |   147 |   477 |   561 |   536 ||  1984
         Lee's Rapid Decon |       |       |       |       |    22 |    80 |   115 |   110 |    25 ||   352
         Passwall          |       |       |       |       |     3 |       |       |       |       ||     3
         Iskenderun's Myst |       |       |       |       |     2 |   101 |    37 |    48 |    31 ||   219
         Fireball          |       |       |       |       |       |    77 |     2 |     9 |     4 ||    92
         Lehudib's Crystal |       |       |       |       |       |       |       |     2 |    29 ||    31
         Ignition          |       |       |       |       |       |       |       |       |    43 ||    43
         Spellforged Servi |       |       |       |       |       |       |       |       |    15 ||    15
  Evoke: Wand              |       |       |       |     3 |     1 |       |     1 |     2 |       ||     7
         Lightning rod     |       |       |       |       |       |       |     1 |       |       ||     1
         Phantom mirror    |       |       |       |       |       |       |       |     1 |       ||     1
    Use: Scroll            |     2 |     4 |    11 |    17 |    10 |     7 |     2 |     4 |     3 ||    60
         Potion            |       |       |     3 |     4 |     3 |       |     2 |       |     9 ||    21
 Armour: Robe              |     7 |     4 |       |       |       |   178 |    57 |       |       ||   246
         Leather armour    |       |       |    67 |   208 |   297 |   120 |       |       |       ||   692
         Skin              |       |       |       |       |    46 |       |       |       |       ||    46
         Ring mail         |       |       |       |       |    14 |       |       |       |       ||    14
         Chain mail        |       |       |       |       |       |       |   140 |   197 |    30 ||   367
         Gold dragon scale |       |       |       |       |       |       |       |       |   179 ||   179
  Dodge: Dodged            |    12 |     4 |    81 |   200 |   577 |   328 |   147 |   117 |    91 ||  1557
  Block: Buckler           |       |       |       |       |    96 |   170 |    33 |       |       ||   299
         Kite shield       |       |       |       |       |       |       |   157 |   209 |   186 ||   552
         Reflection        |       |       |       |       |       |       |    21 |    41 |    30 ||    92

Table legend: (Time is in decaauts)
 A = Elapsed time spent in this place.
 B = Non-inter-level travel time spent in this place.
 C = Inter-level travel time spent in this place.
 D = Time resting spent in this place.
 E = Time spent auto-exploring this place.
 F = Levels seen in this place.
 G = Mean time per level.
                   A        B        C        D        E       F      G
               +--------+--------+--------+--------+--------+-----+--------+
         Total |  67690 |  58982 |   8708 |   3120 |  42522 |  60 | 1128.2 |
       Dungeon |  19838 |  15800 |   4038 |    392 |  12377 |  15 | 1322.5 |
        Temple |     16 |      8 |      8 |      0 |      0 |   1 |   16.0 |
          Lair |   6841 |   6028 |    813 |    340 |   4031 |   5 | 1368.2 |
         Swamp |   2889 |   2631 |    258 |    195 |   1818 |   4 |  722.2 |
   Spider Nest |   4563 |   4013 |    550 |    239 |   2725 |   4 | 1140.8 |
    Slime Pits |   2208 |   2081 |    127 |    133 |   1506 |   5 |  441.6 |
  Orcish Mines |   2330 |   1780 |    550 |     95 |   1191 |   2 | 1165.0 |
   Elven Halls |   3613 |   3360 |    253 |     36 |   2600 |   3 | 1204.3 |
        Vaults |   8166 |   7497 |    669 |    352 |   5706 |   5 | 1633.2 |
        Depths |   7577 |   6787 |    790 |    429 |   4875 |   4 | 1894.2 |
           Zot |   6776 |   6128 |    648 |    843 |   4097 |   5 | 1355.2 |
        Bazaar |    135 |    135 |      0 |      0 |     94 |   1 |  135.0 |
         Trove |    113 |    113 |      0 |      0 |     25 |   1 |  113.0 |
       Ossuary |    452 |    452 |      0 |      0 |    310 |   1 |  452.0 |
        Bailey |    608 |    608 |      0 |     34 |    398 |   1 |  608.0 |
      Ice Cave |    924 |    924 |      0 |      0 |    484 |   1 |  924.0 |
       Volcano |    253 |    253 |      0 |      0 |     98 |   1 |  253.0 |
      Gauntlet |    381 |    381 |      0 |     32 |    185 |   1 |  381.0 |
               +--------+--------+--------+--------+--------+-----+--------+

Top non-repeatable levels by time:
     D:8: 2690 daAuts
Depths:3: 2680 daAuts
Depths:2: 2348 daAuts
   Zot:5: 2304 daAuts
Vaults:4: 2226 daAuts
  Lair:1: 2159 daAuts
    D:11: 1894 daAuts
   Orc:2: 1754 daAuts
Vaults:2: 1742 daAuts
Vaults:3: 1645 daAuts
    D:13: 1598 daAuts
     D:9: 1485 daAuts
    D:15: 1483 daAuts
Spider:1: 1472 daAuts
  Lair:5: 1450 daAuts
